[Event "Team 45 45 League T57"]
[Site "Internet Chess Club"]
[Date "2013.07.14"]
[Round "8"]
[White "RamRock"]
[Black "Tamarin"]
[Result "1/2-1/2"]
[WhiteElo "1876"]
[BlackElo "1836"]
[Opening "Caro-Kann: Steinitz variation"]
[ECO "B17"]
[Time "20:01:02"]
[TimeControl "2700+45"]

1. e4 c6 2. d4 d5 3. Nc3 dxe4 4. Nxe4 Nd7 5. Nf3 Ngf6 6. Nxf6+ Nxf6 7. Bd3 Bd7
8. O-O Bg4 9. c3 e6 10. Bf4 Be7 11. Re1 O-O 12. h3 Bh5 13. Bc4 c5 14. Be2 Rc8
15. dxc5 Bxc5 16. Qxd8 Rfxd8 17. Rad1 Ne4 18. Be3 Bxe3 19. fxe3 Ng3 20. Bb5 a6
21. Ba4 Ne4 22. g4 Bg6 23. Nh4 Rd2 24. Nxg6 hxg6 25. Rxd2 Nxd2 26. Re2 Rd8 27.
Bc2 Nf3+ 28. Kf2 Ne5 29. Be4 b5 30. Ke1 Kf8 31. b3 Ke7 32. Rd2 Rxd2 33. Kxd2 Kd6
34. Bb7 a5 35. Bg2 Kc5 36. Be4 g5 {Game drawn by mutual agreement} 1/2-1/2

[Event "Team 45 45 League T57"]
[Site "Internet Chess Club"]
[Date "2013.07.13"]
[Round "8"]
[White "John3v16"]
[Black "mugurelt"]
[Result "0-1"]
[WhiteElo "1710"]
[BlackElo "1728"]
[Opening "Sicilian: Cortlever (Alatortsev) variation"]
[ECO "B53"]
[Time "23:11:38"]
[TimeControl "2700+45"]

1. e4 c5 2. Nf3 d6 3. d4 Nf6 4. dxc5 Nxe4 5. cxd6 Nxd6 6. Nc3 g6 7. Bf4 Bg7 8.
Qd2 O-O 9. O-O-O Qa5 10. Nd4 Nc6 11. Nb3 Bxc3 12. Qxc3 Qxc3 13. bxc3 Ne4 14. Re1
Nxf2 15. Rg1 a6 16. h3 f5 17. Bc4+ e6 18. Bxe6+ Bxe6 19. Rxe6 Ne4 20. Kb2 Kf7
21. Rxe4 fxe4 22. Bh6 Rfe8 23. Re1 Ne5 24. Rxe4 Rac8 25. Rf4+ Kg8 26. Rd4 Rcd8
27. Re4 Nf7 28. Rxe8+ Rxe8 29. Bf4 Re2 30. g3 g5 31. Bc7 Re7 32. Bb6 Ne5 33. Bd8
Nc4+ 34. Kb1 Re1+ 35. Nc1 h6 36. h4 g4 37. Bc7 h5 38. Bf4 b5 39. Bc7 Rg1 40. Bf4
Kf7 41. Bc7 Ke6 42. Bb8 Kd5 43. Bc7 Nd6 44. Kb2 Rxg3 45. Kb3 Kc6 46. Bd8 Nf5 47.
Nd3 Nxh4 48. Bxh4 Rh3 49. Ne5+ Kd5 50. Ng6 Ke4 51. Bd8 g3 52. Bb6 g2 53. Kb4 Re3
{White resigns} 0-1

[Event "Team 45 45 League T57"]
[Site "Internet Chess Club"]
[Date "2013.07.13"]
[Round "8"]
[White "kidcobra"]
[Black "tightfist"]
[Result "1/2-1/2"]
[WhiteElo "1733"]
[BlackElo "1627"]
[Opening "French: exchange variation"]
[ECO "C01"]
[Time "12:17:19"]
[TimeControl "2700+45"]

1. e4 e6 2. d4 d5 3. exd5 exd5 4. Nf3 Nf6 5. Bd3 Bg4 6. h3 Bxf3 7. Qxf3 Bb4+ 8.
Bd2 Qe7+ 9. Qe2 Qxe2+ 10. Bxe2 Bxd2+ 11. Nxd2 O-O 12. O-O Re8 13. Bd3 Nbd7 14.
Rfe1 Kf8 15. Kf1 g6 16. Rxe8+ Rxe8 17. Re1 Rc8 18. Nf3 c5 19. Bb5 h6 20. Bxd7
Nxd7 21. c3 c4 22. Ne5 Rd8 23. Nxd7+ Rxd7 24. f4 Re7 25. Rxe7 Kxe7 26. Ke2 f5
27. g3 b5 28. a3 a5 29. h4 h5 30. Kd2 Ke6 31. Ke3 {Game drawn by mutual
agreement} 1/2-1/2

[Event "Team 45 45 League T57"]
[Site "Internet Chess Club"]
[Date "2013.07.15"]
[Round "8"]
[White "WillC"]
[Black "bat30"]
[Result "1/2-1/2"]
[WhiteElo "1725"]
[BlackElo "1927"]
[Opening "Grünfeld with Bf4 & e3"]
[ECO "D93"]
[Time "19:00:43"]
[TimeControl "2700+45"]

1. Nf3 g6 2. d4 Nf6 3. Bf4 Bg7 4. e3 d5 5. c4 O-O 6. Nc3 Nc6 7. h3 a6 8. Bd3
dxc4 9. Bxc4 b5 10. Be2 Bb7 11. a3 Nd5 12. Nxd5 Qxd5 13. O-O Rac8 14. Rc1 Qa2
15. Rc2 f6 16. Qc1 e5 17. b4 Qf7 18. dxe5 Nxe5 19. Nxe5 fxe5 20. Bg3 Qd5 21. f3
Rf7 22. Rc5 Qa2 23. Rf2 Qe6 24. e4 Rd8 25. Rxc7 Bh6 26. Qc3 Be3 27. Rxf7 Bxf2+
28. Kxf2 Kxf7 29. Bxe5 Rc8 30. Qb2 Rd8 31. Bh8 Rg8 32. Qc3 Qc8 33. Qf6+ Ke8 34.
Qe5+ Kf7 35. Qf6+ Ke8 36. Bd1 Qc4 37. Qe5+ Kd7 38. Qb2 Qd3 39. Bb3 Rxh8 40. Qg7+
Kd6 41. Qf6+ Kc7 42. Qe5+ Qd6 43. Qxh8 Qd2+ 44. Kg3 Qg5+ 45. Kf2 Qd2+ 46. Kg3
Qg5+ 47. Kh2 Qf4+ 48. Kh1 Qc1+ 49. Kh2 Qf4+ 50. Kh1 Qc1+ 51. Kh2 Qf4+ {Game
drawn by repetition} 1/2-1/2

[Event "Team 45 45 League T57"]
[Site "Internet Chess Club"]
[Date "2013.07.14"]
[Round "8"]
[White "HumanTornado"]
[Black "bahamapapa"]
[Result "0-1"]
[WhiteElo "2025"]
[BlackElo "1767"]
[Opening "Réti opening"]
[ECO "A04"]
[Time "10:30:06"]
[TimeControl "2700+45"]

1. Nf3 g6 2. e4 Bg7 3. d4 c6 4. Nc3 d5 5. h3 Nf6 6. e5 Ne4 7. Bd3 Nxc3 8. bxc3
c5 9. O-O c4 10. Be2 Qa5 11. Bd2 O-O 12. Qc1 b5 13. Bh6 Nc6 14. Re1 Bf5 15. Bxg7
Kxg7 16. Qd2 Qa3 17. Nh4 Be6 18. f4 Rab8 19. Rf1 b4 20. f5 Qxc3 21. Qxc3 bxc3
22. fxe6 Nxd4 23. Bd1 Nxe6 24. g3 Rb2 25. Ng2 d4 26. Nf4 Nc5 27. Ne2 d3 28. Nxc3
dxc2 29. Be2 Nd3 30. Na4 c1=Q 31. Raxc1 Rxe2 32. Rxc4 Nxe5 33. Rc7 Rd8 34. Nc3
Re3 35. Kf2 Rdd3 36. Ne2 Ra3 37. Rc2 h5 38. Rg1 h4 39. gxh4 Rxh3 40. Kg2 Rxh4
{White resigns} 0-1

[Event "Team 45 45 League T57"]
[Site "Internet Chess Club"]
[Date "2013.07.15"]
[Round "8"]
[White "SugarIslander"]
[Black "vvsi"]
[Result "0-1"]
[WhiteElo "1673"]
[BlackElo "1728"]
[Opening "Nimzo-Indian: classical, Milner-Barry (Zurich) variation"]
[ECO "A50"]
[Time "19:00:18"]
[TimeControl "2700+45"]

1. d4 Nf6 2. c4 Nc6 3. Nf3 e6 4. Nc3 Bb4 5. Qc2 d6 6. Bd2 O-O 7. a3 Bxc3 8. Bxc3
Qe7 9. e3 e5 10. d5 Nb8 11. Nd2 c6 12. dxc6 Nxc6 13. b4 a5 14. b5 Nd4 15. Qb2
Bf5 16. Bxd4 exd4 17. Qxd4 Rac8 18. Bd3 Bxd3 19. Qxd3 d5 20. O-O Rfd8 21. Qb3 d4
22. exd4 Rxd4 23. Qc3 Qd8 24. Ra2 Rd3 25. Qb2 Qd6 26. Nf3 Ng4 27. h3 Rxf3 28.
hxg4 Rd3 29. Qe2 Rxc4 30. Rd2 Rxd2 31. Qxc4 Qd7 32. Qf4 h6 33. a4 Rd4 34. Qb8+
Kh7 35. b6 Rxg4 36. Rc1 Qd5 37. g3 Rxa4 38. Qc7 Rd4 39. Qc2+ g6 40. Qc7 Rd1+ 41.
Rxd1 Qxd1+ 42. Kg2 Qd5+ 43. Kf1 a4 44. Qc2 a3 45. g4 a2 46. Qb2 Qh1+ 47. Ke2
a1=Q {White resigns} 0-1

[Event "Team 45 45 League T57"]
[Site "Internet Chess Club"]
[Date "2013.07.15"]
[Round "8"]
[White "evan7284"]
[Black "oldsj"]
[Result "1/2-1/2"]
[WhiteElo "1725"]
[BlackElo "1551"]
[Opening "King's Indian: Torre attack"]
[ECO "A48"]
[Time "15:01:07"]
[TimeControl "2700+45"]

1. d4 Nf6 2. Nf3 g6 3. Bg5 Bg7 4. Nbd2 O-O 5. e4 d6 6. Bd3 c5 7. c3 Nbd7 8. O-O
b6 9. Re1 Bb7 10. Nf1 cxd4 11. cxd4 h6 12. Bh4 Rc8 13. Bxf6 Nxf6 14. Ng3 Rc7 15.
Qd2 Qd7 16. Rac1 Rfc8 17. Rxc7 Rxc7 18. Rc1 a6 19. Rc3 b5 20. Qc2 Rxc3 21. Qxc3
Qc8 22. Qxc8+ Bxc8 23. e5 dxe5 24. Nxe5 Bb7 25. f3 Nd5 26. Be4 e6 27. Ne2 Bxe5
28. dxe5 b4 29. Kf2 a5 30. g3 Ba6 31. Nd4 Bb7 32. Ke2 Kf8 33. Nb3 a4 34. Nc5 Bc6
35. Kd3 Ke7 36. Kd4 Kd8 37. Nd3 Kc7 38. Nc5 Kb6 39. f4 Kb5 40. Nd3 a3 41. Bxd5
Bxd5 42. b3 {Game drawn by mutual agreement} 1/2-1/2

[Event "Team 45 45 League T57"]
[Site "Internet Chess Club"]
[Date "2013.07.15"]
[Round "8"]
[White "justice02"]
[Black "vigneshv"]
[Result "1-0"]
[WhiteElo "1743"]
[BlackElo "1683"]
[Opening "English: symmetrical variation"]
[ECO "A30"]
[Time "22:05:05"]
[TimeControl "2700+45"]

1. c4 c5 2. Nf3 Nf6 3. g3 g6 4. Bg2 Bg7 5. O-O O-O 6. Nc3 d6 7. d3 Nc6 8. Rb1
Qc7 9. Bd2 Bg4 10. h3 Bf5 11. g4 Bd7 12. Bf4 e5 13. Bg5 Rfe8 14. Bxf6 Bxf6 15.
Nd5 Qd8 16. Nxf6+ Qxf6 17. Qd2 a6 18. Qh6 Qg7 19. Qh4 f6 20. a3 g5 21. Qg3 Re7
22. e3 Rae8 23. Nd2 Rf8 24. b4 cxb4 25. axb4 b5 26. cxb5 axb5 27. Rfc1 Rc8 28.
Ne4 Re6 29. Nc3 Nd8 30. Bd5 Qg6 31. Ne4 Rxc1+ 32. Rxc1 Kg7 33. Bxe6 Nxe6 34.
Nxd6 Qxd3 35. Nf5+ Kg6 36. Qf3 Qd2 37. Rd1 Bc6 38. Ne7+ {Black resigns} 1-0

[Event "Team 45 45 League T57"]
[Site "Internet Chess Club"]
[Date "2013.07.10"]
[Round "8"]
[White "Gorongonde"]
[Black "latayvia"]
[Result "1-0"]
[WhiteElo "1742"]
[BlackElo "1601"]
[Opening "Pirc: classical, h3 system"]
[ECO "B08"]
[Time "21:00:20"]
[TimeControl "2700+45"]

1. e4 d6 2. d4 Nf6 3. Nc3 g6 4. Nf3 Bg7 5. h3 c6 6. Be3 Nbd7 7. Qd2 O-O 8. Bd3
b5 9. a3 e5 10. O-O Qa5 11. b4 Qc7 12. a4 a6 13. axb5 cxb5 14. Nxb5 axb5 15.
Rxa8 Nb6 16. Ra5 Nc4 17. Bxc4 Nxe4 18. Qd3 Bf5 19. Bxb5 Nc3 20. Qc4 Nxb5 21.
Qxb5 Rb8 22. Qe2 e4 23. Rxf5 exf3 24. Rxf3 Rxb4 25. c3 Rb8 26. Qd3 Re8 27. Bg5
d5 28. Re3 Rc8 29. Rfe1 h6 30. Re8+ Kh7 31. Rxc8 Qxc8 {Black resigns} 1-0

[Event "Team 45 45 League T57"]
[Site "Internet Chess Club"]
[Date "2013.07.11"]
[Round "8"]
[White "HematiteBrown"]
[Black "Goli"]
[Result "1-0"]
[WhiteElo "2047"]
[BlackElo "1922"]
[Opening "Robatsch (modern) defense"]
[ECO "B06"]
[Time "16:30:10"]
[TimeControl "2700+45"]

1. e4 g6 2. d4 Bg7 3. Nc3 d6 4. Be3 Nf6 5. f3 O-O 6. Qd2 Nc6 7. g4 e5 8. Nge2
exd4 9. Nxd4 Ne5 10. Be2 a6 11. O-O-O b5 12. h4 c5 13. Nb3 Nc4 14. Bxc4 bxc4 15.
Nxc5 Nxg4 16. fxg4 Bxg4 17. Rdg1 Qc8 18. N5a4 Qe6 19. Bd4 f6 20. Nb6 Rab8 21.
Nbd5 Bf3 22. Rh2 Bxe4 23. Re2 f5 24. Bxg7 Kxg7 25. Nxe4 fxe4 26. Qd4+ Kg8 27.
Rxe4 Qh3 28. Ne7+ Kf7 29. Qd5+ Kg7 30. Qd4+ Kh6 31. Qd2+ Kg7 32. Qe1 Rf7 33. Nd5
Qf5 34. Qc3+ Kh6 35. Qe3+ Kg7 36. Qd4+ Kh6 37. Rf4 Qe6 38. Re4 Qf5 39. Rge1 Rb5
40. Ne7 Qf3 41. Ng8+ Kh5 42. Qd2 g5 43. hxg5 Rxg5 44. Qh2+ Kg6 45. Qh6+ Kf5 46.
Qe6# {Black checkmated} 1-0

[Event "Team 45 45 League T57"]
[Site "Internet Chess Club"]
[Date "2013.07.15"]
[Round "8"]
[White "room-matt"]
[Black "EyeAm"]
[Result "0-1"]
[WhiteElo "1790"]
[BlackElo "1806"]
[Opening "Bishop's opening"]
[ECO "C23"]
[Time "14:02:22"]
[TimeControl "2700+45"]

1. e4 e5 2. Bc4 Nc6 3. Nc3 Bc5 4. f4 Bxg1 5. Rxg1 Qh4+ 6. Kf1 Qxf4+ 7. Qf3 Nf6
8. Qxf4 exf4 9. Nb5 Kd8 10. d3 g5 11. h4 h6 12. Rh1 Nh5 13. Ke1 Ng3 14. Rh2 f6
15. b3 d6 16. Bb2 Ne5 17. Nc3 Ng4 18. Nd5 Rf8 19. Rh3 c6 20. Nb4 b5 21. Nxc6+
Kc7 22. Bxb5 Ne3 23. Rxg3 Nxc2+ 24. Kd1 Nxa1 25. Rf3 Bg4 26. Bxa1 Bxf3+ 27. gxf3
a6 28. Ba4 gxh4 29. Nd4 h3 30. Ne6+ Kb6 31. Nxf8 h2 32. Bd4+ Kb7 {White resigns}
0-1

[Event "Team 45 45 League T57"]
[Site "Internet Chess Club"]
[Date "2013.07.15"]
[Round "8"]
[White "sockmonkey"]
[Black "Ayensa80"]
[Result "1-0"]
[WhiteElo "1857"]
[BlackElo "1735"]
[Opening "Nimzo-Indian: 4.e3 c5, 5.Ne2 (Rubinstein, anti-Hübner system)"]
[ECO "E42"]
[Time "10:04:07"]
[TimeControl "2700+45"]

1. d4 Nf6 2. c4 e6 3. Nc3 Bb4 4. e3 c5 5. Ne2 cxd4 6. exd4 O-O 7. a3 Bxc3+ 8.
Nxc3 Nc6 9. Be2 d5 10. c5 b6 11. b4 e5 12. dxe5 Nxe5 13. Be3 Re8 14. O-O Bb7 15.
Rc1 bxc5 16. Bxc5 Ne4 17. Nxe4 dxe4 18. Qxd8 Rexd8 19. Be3 Nd3 20. Rc7 Ba6 21.
Rxa7 Rxa7 22. Bxa7 Nxb4 23. Bxa6 Nxa6 24. Be3 f6 25. g4 Rd3 26. Ra1 Kf7 27. Kg2
Ke6 28. a4 Kd5 29. a5 Rb3 30. Rd1+ Ke6 31. Rd4 Rb4 32. Rxb4 Nxb4 33. Bd2 Na6 34.
Kg3 Kd5 35. Kf4 Nc7 36. Kf5 Ne8 37. a6 g6+ 38. Kf4 Kc6 39. Be3 Nd6 40. h4 h6 41.
Bd4 g5+ 42. hxg5 hxg5+ 43. Ke3 f5 44. gxf5 Nxf5+ 45. Kxe4 {Black resigns} 1-0

[Event "Team 45 45 League T57"]
[Site "Internet Chess Club"]
[Date "2013.07.15"]
[Round "8"]
[White "tsia68"]
[Black "bookseller"]
[Result "1/2-1/2"]
[WhiteElo "1716"]
[BlackElo "1677"]
[Opening "Réti: King's Indian attack"]
[ECO "A05"]
[Time "16:01:12"]
[TimeControl "2700+45"]

1. Nf3 Nf6 2. g3 g6 3. Bg2 Bg7 4. O-O O-O 5. d3 d6 6. e4 e5 7. Nbd2 c5 8. a4 Nc6
9. c3 d5 10. exd5 Nxd5 11. Nc4 h6 12. Re1 Re8 13. Qb3 Nb6 14. Be3 Nxc4 15. Qxc4
Na5 16. Qa2 Be6 17. Qa3 Nb3 18. Rad1 Qc7 19. Nd2 Nxd2 20. Rxd2 Bf8 21. a5 Rad8
22. Qa4 Qd7 23. Qxd7 Rxd7 24. a6 Bd5 25. Bxd5 Rxd5 26. axb7 Rd7 27. Ra1 Rxb7 28.
Ra5 Rc8 29. d4 cxd4 30. cxd4 exd4 31. Bxd4 Bb4 32. Bc3 Bxa5 33. Bxa5 Rb5 34. Bc3
a5 35. Rd7 Ra8 36. Kg2 a4 37. h4 Rb3 38. Rc7 a3 39. bxa3 Rbxa3 40. Bd4 Rd3 41.
Be3 h5 42. Kf3 Re8 43. Ke2 Rdxe3+ 44. fxe3 Kg7 45. Kf3 Kf6 46. Kf4 Re7 {Game
drawn by mutual agreement} 1/2-1/2

[Event "Team 45 45 League T57"]
[Site "Internet Chess Club"]
[Date "2013.07.15"]
[Round "8"]
[White "BigH"]
[Black "chess9793"]
[Result "1/2-1/2"]
[WhiteElo "2057"]
[BlackElo "2087"]
[Opening "Sicilian: Alapin's variation (2.c3)"]
[ECO "B22"]
[Time "08:00:18"]
[TimeControl "2700+45"]

1. e4 c5 2. c3 Nf6 3. e5 Nd5 4. d4 cxd4 5. Nf3 Nc6 6. Bc4 Nb6 7. Bb3 d6 8. exd6
Qxd6 9. O-O g6 10. Ng5 e6 11. Ne4 Qe5 12. Re1 Bg7 13. Bg5 Qc7 14. Nf6+ Kf8 15.
cxd4 h6 16. Bh4 Qf4 17. Re4 Qf5 18. Re5 Qf4 {Game drawn by mutual agreement}
1/2-1/2

[Event "Team 45 45 League T57"]
[Site "Internet Chess Club"]
[Date "2013.07.12"]
[Round "8"]
[White "f5"]
[Black "TerryMalloy"]
[Result "1-0"]
[WhiteElo "2168"]
[BlackElo "2004"]
[Opening "Neo-Grünfeld, 6.O-O c6"]
[ECO "D78"]
[Time "20:35:31"]
[TimeControl "2700+45"]

1. d4 Nf6 2. Nf3 d5 3. g3 g6 4. Bg2 Bg7 5. c4 c6 6. O-O O-O 7. Nc3 Nbd7 8. b3
Re8 9. Bb2 b6 10. Re1 Bb7 11. Rc1 Rc8 12. e4 dxe4 13. Ng5 c5 14. d5 e6 15. dxe6
fxe6 16. Nb5 h6 17. Nd6 {Black resigns} 1-0

[Event "Team 45 45 League T57"]
[Site "Internet Chess Club"]
[Date "2013.07.14"]
[Round "8"]
[White "MeWantCookie"]
[Black "stile"]
[Result "1-0"]
[WhiteElo "2037"]
[BlackElo "1852"]
[Opening "Scandinavian: Icelandic gambit"]
[ECO "B01"]
[Time "15:09:08"]
[TimeControl "2700+45"]

1. e4 d5 2. exd5 Nf6 3. c4 e6 4. dxe6 Bxe6 5. Be2 Nc6 6. Nf3 Bc5 7. O-O O-O 8.
d3 Nd4 9. Nxd4 Bxd4 10. Nd2 c5 11. Nf3 Rc8 12. Rb1 Re8 13. Nxd4 Qxd4 14. Be3 Qh4
15. b4 b6 16. a4 cxb4 17. Rxb4 Nd7 18. a5 bxa5 19. Rb5 Qe7 20. Rxa5 Nc5 21. d4
Nb7 22. Ra4 a5 23. d5 Bd7 24. Ra2 a4 25. Qd4 Nc5 26. Qb2 Rb8 27. Qa3 Nb3 28. c5
Qe5 29. c6 Bf5 30. Qxa4 Qxd5 31. Bc4 {Black resigns} 1-0

[Event "Team 45 45 League T57"]
[Site "Internet Chess Club"]
[Date "2013.07.14"]
[Round "8"]
[White "hood"]
[Black "Grebochess"]
[Result "0-1"]
[WhiteElo "1828"]
[BlackElo "1757"]
[Opening "French: Tarrasch, closed variation"]
[ECO "C05"]
[Time "14:01:11"]
[TimeControl "2700+45"]

1. e4 e6 2. d4 d5 3. Nd2 Nf6 4. e5 Nfd7 5. Ngf3 c5 6. c3 Nc6 7. Bd3 cxd4 8. cxd4
f6 9. exf6 Nxf6 10. O-O Bd6 11. h3 O-O 12. Nb3 b6 13. Re1 Nb4 14. a3 Nxd3 15.
Qxd3 Ne4 16. Nbd2 Bb7 17. Qb3 Qf6 18. Qc2 Rac8 19. Qd1 Rc7 20. Qe2 Rfc8 21. Qe3
Bf4 22. Qe2 Rc2 23. Qd1 Qh6 24. Nb3 Bxc1 25. Rxc1 Nxf2 26. Rxc2 Nxd1 27. Rxc8+
Bxc8 28. Rxd1 Qe3+ 29. Kh2 Qxb3 30. Rd2 h6 31. Rf2 Ba6 32. h4 Bd3 33. Ne5 Be4
34. h5 Qe3 35. Rf1 Qxd4 36. Ng6 Bxg6 37. hxg6 Qd3 38. Rf7 Qxg6 39. Rxa7 d4 40.
g4 d3 41. g5 d2 42. Rd7 Qxg5 43. a4 e5 44. b4 e4 45. a5 bxa5 46. bxa5 Qxa5 47.
Kh1 Qa1+ 48. Kg2 d1=Q 49. Rxd1 Qxd1 50. Kf2 Qd3 51. Ke1 Kf7 52. Kf2 Kf6 53. Ke1
Qc2 54. Kf1 e3 55. Kg1 Qf2+ 56. Kh1 Qf1+ 57. Kh2 e2 58. Kg3 e1=Q+ 59. Kg4 Qf5#
{White checkmated} 0-1

[Event "Team 45 45 League T57"]
[Site "Internet Chess Club"]
[Date "2013.07.13"]
[Round "8"]
[White "dmarcolino"]
[Black "ben622"]
[Result "1/2-1/2"]
[WhiteElo "1945"]
[BlackElo "2056"]
[Opening "Alekhine's defense: exchange variation"]
[ECO "B03"]
[Time "14:00:16"]
[TimeControl "2700+45"]

1. e4 Nf6 2. e5 Nd5 3. d4 d6 4. c4 Nb6 5. exd6 cxd6 6. Nc3 g6 7. Be3 Bg7 8. Rc1
Nc6 9. b3 d5 10. c5 Nd7 11. Be2 Nxc5 12. Nxd5 Ne6 13. Bc4 Nexd4 14. Ne2 Nxe2 15.
Qxe2 Be6 16. Rd1 Bxd5 17. Rxd5 Qc7 18. O-O O-O 19. Rfd1 Rfd8 20. Qd2 e6 21. Rd7
Rxd7 22. Qxd7 Qxd7 23. Rxd7 b6 24. Be2 Kf8 25. Bf3 Rc8 26. Bxc6 Rxc6 27. Rxa7
Bd4 28. Kf1 {Game drawn by mutual agreement} 1/2-1/2

[Event "Team 45 45 League T57"]
[Site "Internet Chess Club"]
[Date "2013.07.13"]
[Round "8"]
[White "Otelo"]
[Black "jjimalo"]
[Result "0-1"]
[WhiteElo "1854"]
[BlackElo "1933"]
[Opening "Sicilian: Grand Prix attack, Schofman variation"]
[ECO "B23"]
[Time "07:01:06"]
[TimeControl "2700+45"]

1. e4 c5 2. Nc3 Nc6 3. f4 g6 4. Nf3 Bg7 5. Bc4 e6 6. f5 Nge7 7. fxe6 dxe6 8. d3
O-O 9. O-O Nd4 10. Bg5 h6 11. Bh4 a6 12. a4 Qc7 13. Bg3 Nxf3+ 14. Qxf3 Qd7 15.
e5 Qd4+ 16. Kh1 Bxe5 17. Bxe5 Qxe5 18. Rae1 Qc7 19. Ne4 Nf5 20. Qg4 Kg7 21. Qh3
b6 22. g4 Nd6 23. Qg3 Bb7 24. Kg1 Bxe4 25. Rxe4 b5 26. axb5 axb5 27. Bb3 Qb6 28.
Re3 c4 29. Qf2 cxb3 30. cxb3 Qd4 {White resigns} 0-1

[Event "Team 45 45 League T57"]
[Site "Internet Chess Club"]
[Date "2013.07.14"]
[Round "8"]
[White "bahamapapa"]
[Black "bobhill"]
[Result "1-0"]
[WhiteElo "1790"]
[BlackElo "1911"]
[Opening "QGD: Charousek (Petrosian) variation"]
[ECO "D31"]
[Time "17:09:57"]
[TimeControl "2700+45"]

1. d4 d5 2. c4 e6 3. Nc3 Be7 4. cxd5 exd5 5. Qc2 Nf6 6. Bg5 h6 7. Bh4 c6 8. e3
Bg4 9. h3 Be6 10. Bd3 Nbd7 11. Nf3 a6 12. O-O O-O 13. Rab1 b5 14. b4 Nb6 15. Ne5
Rc8 16. Rfc1 Nc4 17. Nxc4 bxc4 18. Bf5 Rb8 19. a3 a5 20. Bxf6 Bxf6 21. Na4 axb4
22. axb4 Qe7 23. Nc5 Bg5 24. Bxe6 fxe6 25. f4 Bh4 26. Kh2 Ra8 27. g3 Bf6 28. Ra1
Rfb8 29. Rxa8 Rxa8 30. Qb2 Kf7 31. Ra1 Ra7 32. Ra3 g5 33. Kg2 gxf4 34. gxf4 Bh4
35. Qa2 Rxa3 36. Qxa3 Kf6 37. Qa8 Be1 38. Kf1 Bxb4 39. Qxc6 Kf5 40. Qb5 Ba3 41.
Ke2 Qg7 42. Kf2 h5 43. Qe8 Qg6 44. Qh8 Qf7 45. Qe5+ Kg6 46. Nxe6 Qe7 47. f5+ Kh6
48. Qh8+ {Black resigns} 1-0

[Event "Team 45 45 League T57"]
[Site "Internet Chess Club"]
[Date "2013.07.16"]
[Round "8"]
[White "room-matt"]
[Black "otherook"]
[Result "1-0"]
[WhiteElo "1805"]
[BlackElo "1761"]
[Opening "Pirc defense"]
[ECO "B07"]
[Time "15:10:45"]
[TimeControl "2700+45"]

1. e4 d6 2. d4 Nf6 3. Nc3 e5 4. dxe5 dxe5 5. Qxd8+ Kxd8 6. Bc4 Be6 7. Bxe6 fxe6
8. Nf3 Bd6 9. Bg5 Nd7 10. O-O-O a6 11. Nd2 h6 12. Bh4 g5 13. Bg3 Ke7 14. f3 Nh5
15. Bf2 Nf4 16. g3 Ng6 17. Be3 Bc5 18. Nc4 Bxe3+ 19. Nxe3 Raf8 20. Rhf1 Rf7 21.
Kd2 Nb8 22. Nc4 Nc6 23. Ke3 Nd4 24. Rd2 Rhf8 25. Rdf2 b5 26. Na5 c5 27. Nb7 Rc8
28. Nd1 Rc7 29. Na5 c4 30. c3 Nc6 31. Nxc6+ Rxc6 32. Rd2 g4 33. b3 Rf8 34. b4 h5
35. Nb2 Rd6 36. Rxd6 Kxd6 37. a4 h4 38. Ke2 hxg3 39. hxg3 Rh8 40. fxg4 Rh2+ 41.
Rf2 Rh1 42. axb5 axb5 43. Nd1 Rh3 44. Rf3 Rh8 45. Rf7 Ra8 46. g5 Ra2+ 47. Kf3
Rd2 48. Ne3 Rd3 49. Rb7 Kc6 50. Rg7 Nf8 51. Rf7 Ng6 52. Rf6 Ne7 53. Rxe6+ Kd7
54. Rxe5 Rxc3 55. Rxb5 Rb3 56. g4 c3 57. Nc2 Rb2 58. Nd4 c2 59. Rc5 Rxb4 60.
Nxc2 Rb1 61. Ne3 Ke6 62. Nf5 Rb3+ 63. Ke2 Ng6 64. Nd4+ {Black resigns} 1-0

[Event "Team 45 45 League T57"]
[Site "Internet Chess Club"]
[Date "2013.07.15"]
[Round "8"]
[White "hondocando"]
[Black "chrisgianno"]
[Result "0-1"]
[WhiteElo "1554"]
[BlackElo "1679"]
[Opening "Sicilian: Alapin's variation (2.c3)"]
[ECO "B22"]
[Time "12:22:05"]
[TimeControl "2700+45"]

1. e4 c5 2. c3 d5 3. exd5 Qxd5 4. Nf3 Nf6 5. d4 e6 6. dxc5 Qxd1+ 7. Kxd1 Bxc5 8.
Bb5+ Bd7 9. Bxd7+ Nbxd7 10. b4 Bxf2 11. Ke2 Bb6 12. a4 O-O 13. Nbd2 Nd5 14. Bb2
Nf4+ 15. Kf1 Nf6 16. c4 Ng4 17. c5 Bc7 18. h3 Ne3+ 19. Kf2 Nc2 20. Rhb1 Nxa1 21.
Bxa1 Rad8 22. Rb3 Rd3 23. Rb1 Rfd8 24. Nc4 Rd1 25. Rxd1 Rxd1 26. Bd4 Rc1 27. Nb2
Rc2+ 28. Kf1 Rxg2 29. Nd3 Ra2 30. Nxf4 Bxf4 31. a5 f6 32. Ne1 e5 33. Bc3 Bd2 34.
a6 bxa6 35. c6 Be3 36. Nd3 Bb6 37. b5 Ra3 38. Bxe5 fxe5 39. Nxe5 axb5 40. Nd7
Bc7 {White resigns} 0-1

[Event "Team 45 45 League T57"]
[Site "Internet Chess Club"]
[Date "2013.07.14"]
[Round "8"]
[White "oldway"]
[Black "crazyhorses"]
[Result "1/2-1/2"]
[WhiteElo "1543"]
[BlackElo "1463"]
[Opening "Sicilian: Alapin's variation (2.c3)"]
[ECO "B22"]
[Time "13:00:08"]
[TimeControl "2700+45"]

1. e4 c5 2. c3 d5 3. exd5 Qxd5 4. d4 Nf6 5. Nf3 Bg4 6. Qa4+ Nc6 7. Ne5 cxd4 8.
cxd4 Qxd4 9. Qxd4 Nxd4 10. Bd3 Rc8 11. Nc3 e6 12. Bg5 Bf5 13. O-O Bb4 14. Nb5
Bxd3 15. Nxd3 Nxb5 16. Nxb4 O-O 17. Rfd1 a5 18. Nd3 Nd5 19. Rac1 f6 20. Bd2 b6
21. Nf4 Nxf4 22. Bxf4 e5 23. Be3 Nd4 24. Kf1 Rfd8 25. Bxd4 Rxc1 26. Rxc1 exd4
27. Ke2 Rd6 28. Kd3 Kf7 29. Rc4 Ke6 30. Rxd4 Rxd4+ 31. Kxd4 Kd6 32. Kc4 Kc6 33.
a4 g5 34. g4 Kd6 35. Kd4 h6 36. f3 Kc6 37. Kc4 Kd6 38. Kd4 Ke6 39. Ke4 f5+ 40.
gxf5+ Kf6 41. h3 h5 42. b3 h4 43. Kd4 Kxf5 44. Ke3 Ke5 45. Ke2 Kd4 46. Kd2 Kc5
47. Kc3 b5 48. axb5 Kxb5 49. Kc2 Kb4 50. Kb2 Kc5 51. Kc3 Kd5 52. Kd3 Ke5 53. Ke3
Kf5 54. Ke2 Kf4 55. Kf2 Kf5 56. Ke2 Kf4 57. Kf2 Ke5 58. Ke3 Kd5 59. Kd3 Ke5 60.
Ke3 Kf5 61. Ke2 Kf4 62. Kf2 Kf5 63. Ke2 Kf4 64. Kf2 Kf5 65. Ke2 {Game drawn by
repetition} 1/2-1/2

[Event "Team 45 45 League T57"]
[Site "Internet Chess Club"]
[Date "2013.07.13"]
[Round "8"]
[White "caglar"]
[Black "Signalman"]
[Result "0-1"]
[WhiteElo "1531"]
[BlackElo "1641"]
[Opening "French: exchange variation"]
[ECO "C01"]
[Time "09:39:38"]
[TimeControl "2700+45"]

1. e4 e6 2. d4 d5 3. exd5 exd5 4. c4 Bb4+ 5. Nc3 Bxc3+ 6. bxc3 Nf6 7. Ba3 b6 8.
Nf3 Be6 9. Ng5 Qd7 10. cxd5 Bxd5 11. Nf3 Qe6+ 12. Ne5 Nbd7 13. Qa4 c6 14. c4
Nxe5 15. cxd5 Nf3+ 16. Kd1 Qe1+ 17. Kc2 Qxf2+ 18. Kb1 Nxd4 19. dxc6 b5 20. Bxb5
Qf5+ 21. Kc1 Qxb5 22. Re1+ Ne2+ 23. Rxe2+ Qxe2 24. c7+ Nd7 25. Qxa7 Qc4+ 26. Kd1
Rxa7 27. c8=Q+ Qxc8 28. Kd2 Rxa3 29. Re1+ Kd8 {White resigns} 0-1

[Event "Team 45 45 League T57"]
[Site "Internet Chess Club"]
[Date "2013.07.11"]
[Round "8"]
[White "RamRock"]
[Black "ticopatzer"]
[Result "1-0"]
[WhiteElo "1878"]
[BlackElo "1697"]
[Opening "Ruy Lopez: Berlin defense"]
[ECO "C65"]
[Time "19:02:49"]
[TimeControl "2700+45"]

1. e4 e5 2. Nf3 Nc6 3. Bb5 Nf6 4. Bxc6 dxc6 5. d3 Bg4 6. Nbd2 Bb4 7. O-O O-O 8.
h3 Bh5 9. Nc4 Bd6 10. Bg5 h6 11. Bh4 b5 12. Ne3 Re8 13. g4 Bg6 14. Kh1 Qe7 15.
Nf5 Qe6 16. Rg1 Rad8 17. Rg2 Bc5 18. Qe2 a5 19. Rag1 Rd7 20. g5 Nh5 21. Bg3 hxg5
22. Nxg5 Qxa2 23. Qg4 Nf6 24. Qh4 Qxb2 25. Nf3 a4 26. Qg5 a3 27. Bxe5 Rxe5 28.
Nxe5 Qxe5 29. Nh6+ Kh7 30. Qxe5 {Black resigns} 1-0